 Dungeon Crawl Stone Soup version 0.26.1-2-gb8aa6d0cf2 (webtiles) character file.

Game seed: 14637348693983763342

31511 pokeman the Eclecticist (level 13, -1/70 HPs)
             Began as a Deep Elf Hedge Wizard on Feb 13, 2021.
             Was a High Priest of Vehumet.
             Slain by a hell hound (4 damage)
             ... led by Azrael
             ... on level 13 of the Dungeon.
             The game lasted 01:29:18 (20218 turns).

pokeman the Eclecticist (Deep Elf Hedge Wizard)    Turns: 20218, Time: 01:29:21

Health: -1/70      AC:  6    Str:  7    XL:     13   Next: 26%
Magic:  19/36      EV: 17    Int: 32    God:    Vehumet [*****.]
Gold:   871        SH:  6    Dex: 14    Spells: 24/47 levels left

rFire    x . .     SeeInvis .   l - +7 spear "Miur" {venom, rF- Int+7}
rCold    . . .     Faith    .   b - +1 buckler
rNeg     . . .     Spirit   .   M - +0 steam dragon scales
rPois    .         Reflect  .   h - +0 hat {Will+}
rElec    .         Harm     .   (no cloak)
rCorr    .         Rampage  .   (no gloves)
Will     ++...                  (no boots)
Stlth    ++........             d - amulet of regeneration
HPRegen  0.61/turn              v - ring of wizardry
MPRegen  0.25/turn              c - +4 ring of evasion

@: no status effects
A: no striking features
a: Renounce Religion


You were on level 13 of the Dungeon.
You worshipped Vehumet.
Vehumet was extremely pleased with you.
You visited 2 branches of the dungeon, and saw 14 of its levels.
You also visited: Sewer and Ice Cave.

You collected 1183 gold pieces.
You spent 312 gold pieces at shops.

Inventory:

Hand Weapons
 a - the +5 trident "Nubi" {distort, +Rage rN+ MP-9 SInv}
   (You took it off a gnoll sergeant on level 10 of the Dungeon)

   It warps and distorts space around it.
   Unwielding it can cause banishment or high damage.
   It protects you from negative energy.
   It affects your magic capacity (-9).
   It lets you see invisible.
   It lets you go berserk.
 l - the +7 spear "Miur" (weapon) {venom, rF- Int+7}
   (You found it on level 12 of the Dungeon)

   It poisons the flesh of those it strikes.
   It affects your intelligence (+7).
   It makes you vulnerable to fire.
 H - a +0 shortbow
 S - the +2 dagger of Rapy Dia {protect, rElec rPois}
   (You found it on level 7 of the Dungeon)

   It grants its wielder temporary protection when it strikes (+7 to AC).
   It insulates you from electricity.
   It protects you from poison.
Missiles
 p - 159 arrows
 t - 58 bolts
Armour
 b - a +1 buckler (worn)
 h - a +0 hat of willpower (worn)
 M - +0 steam dragon scales (worn)
 U - a +2 leather armour of cold resistance
Jewellery
 c - a +4 ring of evasion (right hand)
 d - an amulet of regeneration (around neck)
 q - an uncursed ring of fire
 v - a ring of wizardry (left hand)
 D - a cursed ring of attention {unknown}
 K - an uncursed ring of see invisible
Wands
 k - a wand of acid (3)
 y - a wand of flame (16)
Scrolls
 e - 2 scrolls of amnesia
 g - 6 scrolls of magic mapping
 i - 15 scrolls of remove curse
 j - 2 scrolls of identify
 n - 2 scrolls of blinking {unknown}
 o - 3 scrolls of fear {unknown}
 s - a scroll of noise {unknown}
 u - 2 scrolls of immolation {unknown}
 A - 9 scrolls of teleportation {unknown}
 C - a scroll of enchant weapon {unknown}
 F - 3 scrolls of enchant armour {unknown}
 G - 4 scrolls of fog {unknown}
 J - a scroll of holy word {unknown}
 R - 3 scrolls of random uselessness {unknown}
 T - a scroll of summoning {unknown}
Potions
 f - 2 potions of might
 m - 6 potions of curing
 r - 3 potions of haste
 w - a potion of lignification
 x - 2 potions of ambrosia {unknown}
 z - 7 potions of heal wounds
 B - 3 potions of magic {unknown}
 E - 8 potions of flight {unknown}


   Skills:
 - Level 4.0 Fighting
 + Level 5.8 Armour
 - Level 3.0 Dodging
 - Level 3.0 Stealth
 - Level 4.0 Shields
 * Level 17.8 Spellcasting
 + Level 11.1 Conjurations
 - Level 1.1 Summonings
 - Level 1.1 Translocations
 + Level 10.6 Fire Magic
 - Level 1.0 Air Magic
 - Level 1.0 Earth Magic
 - Level 2.0 Poison Magic
 - Level 2.0 Evocations


You had 24 spell levels left.
You knew the following spells:

 Your Spells              Type           Power        Failure   Level
a - Magic Dart            Conj           100%         0%          1
b - Mephitic Cloud        Conj/Pois/Air  56%          1%          3
c - Call Imp              Summ           35%          1%          2
d - Blink                 Tloc           N/A          1%          2
e - Conjure Flame         Conj/Fire      78%          1%          3
f - Foxfire               Conj/Fire      100%         0%          1
g - Fireball              Conj/Fire      39%          1%          5
h - Swiftness             Air            35%          1%          2
i - Shock                 Conj/Air       100%         1%          1
j - Stone Arrow           Conj/Erth      100%         1%          3

Your spell library contained the following spells:

 Spells                   Type           Power        Failure   Level
 Yara's Violent Unravell  Hex/Tmut       14%          4%          5
 Animate Skeleton         Necr           56%          1%          1
 Pain                     Necr           100%         1%          1
 Sandblast                Erth           70%          1%          1
 Summon Small Mammal      Summ           100%         1%          1
 Passwall                 Tmut/Erth      25%          1%          2
 Slow                     Hex            28%          1%          2
 Call Canine Familiar     Summ           35%          1%          3
 Inner Flame              Hex/Fire       58%          1%          3
 Static Discharge         Conj/Air       61%          1%          3
 Summon Guardian Golem    Hex/Summ       32%          1%          3
 Vampiric Draining        Necr           14%          1%          3
 Airstrike                Air            17%          1%          4
 Sticky Flame             Conj/Fire      78%          1%          4
 Lightning Bolt           Conj/Air       30%          1%          5
 Summon Lightning Spire   Summ/Air       35%          3%          4
 Lee's Rapid Deconstruct  Erth           17%          3%          5
 Petrify                  Tmut/Erth      31%          4%          4
 Summon Ice Beast         Ice/Summ       32%          4%          4
 Animate Dead             Necr           14%          6%          4
 Agony                    Necr           28%          16%         5


Dungeon Overview and Level Annotations

Branches:
Dungeon (13/15)            Temple (1/1) D:6            Lair (0/6) D:11
    Orc (0/2) D:11         Vaults (0/5) D:13          Sewer (visited)
  IceCv (visited)

Altars:
Hepliaklqana
Makhleb
Nemelex Xobeh
Qazlal
Ru
Sif Muna
Vehumet
The Shining One

Shops:
D:7 =*:!*   D:10 (

Portals:
Abyss: D:10
Trove: D:12 (give +4 shadow dragon scales)

Annotations:
D:13 Rupert


Message History

You feel your power returning.
Casting: Stone Arrow (safe; 1% risk of failure)
Confirm with . or Enter, or press ? or * to list all spells.
Aiming: Stone Arrow (safe; 1% risk of failure)
Press: ? - help, Shift-Dir - straight line, f - hell hound
Aim: a hell hound (31% to evade)
The stone arrow misses the hell hound.
The hell hound breathes flames at you. The blast of flame hits you!!
The fire burns you terribly!
* * * LOW HITPOINT WARNING * * *
The hell hound bites you but does no damage.
Casting: Stone Arrow (safe; 1% risk of failure)
Confirm with . or Enter, or press ? or * to list all spells.
Aiming: Stone Arrow (safe; 1% risk of failure)
Press: ? - help, Shift-Dir - straight line, f/p - hell hound
Aim: a hell hound (catching its breath, 31% to evade)
The stone arrow hits the hell hound.
The hell hound is lightly wounded.
The hell hound bites you.
You die...

#...#####
#.......##############
#.......#.....(.......
#.......#.........†...
##...####.............
#..h...#.^...........
#......#.............
########h.#.............
#..#...@..#.............
#..#......#.............
#..#...#..#.............
#......#..#.............
#......#..#.............
#..#...#..#.............
#..#...#..#.............
#..#...#..#.............
#..#......#.............


You could see a hell hound.

Vanquished Creatures
  A frost giant (IceCv)
  The ghost of 0gre the Frost Mage, a journeyman GnIE of Vehumet (D:10)
  The ghost of Alvadar the Devastator, a journeyman DECj of Sif Muna (D:12)
  A hydra (D:7)
  5 two-headed ogres
  An ogre mage (D:12)
  A thrashing horror (D:10)
  An unseen horror (D:10)
  A lindwurm (D:13)
  2 oklob plants (D:11)
  A phantasmal warrior (D:13)
  2 cyclopes (D:12)
  2 ugly things (D:11)
  A toenail golem (D:10)
  An ice statue (IceCv)
  Psyche (D:8)
  Joseph (D:7)
  Maggie (D:7)
  A kobold demonologist (D:10)
  A troll (D:9)
  5 hornets
  18 polar bears (IceCv)
  Sigmund (D:3)
  A spriggan (D:12)
  A spriggan (shapeshifter) (D:13)
  7 yaks (IceCv)
  A shadow (D:13)
  2 wyverns (D:12)
  Grum (D:8)
  A basilisk (D:11)
  A soldier ant (D:13)
  A vampire mosquito (D:7)
  2 small abominations (D:10)
  15 two-headed ogre zombies (D:12)
  2 hell hounds (D:13)
  A water moccasin (D:12)
  4 ice beasts
  6 orc warriors
  A swamp drake (D:11)
  6 sky beasts
  A necrophage (D:10)
  3 phantoms
  4 black bears
  14 wolves
  2 ogres
  4 centaurs
  2 big kobolds
  2 gnoll sergeants
  10 bullfrogs
  A wyvern zombie (D:12)
  A water moccasin zombie (D:7)
  9 scorpions
  8 wights
  10 howler monkeys
  A bullfrog zombie (D:5)
  2 quasits
  7 hounds
  2 jellies
  8 orc priests
  9 orc wizards
  4 centaur zombies
  6 centaur skeletons
  5 bullfrog skeletons
  4 iguanas
  11 worker ants
  2 hound zombies
  3 hound skeletons
  19 gnolls
  3 river rats
  7 adders
  A shadow imp (D:7)
  15 white imps
  2 ufetubi
  3 oozes
  3 adder skeletons
  2 adder zombies (D:5)
  10 worms
  6 leopard geckos
  43 orcs
  9 giant cockroaches
  5 goblins
  6 hobgoblins
  5 jackals (D:1)
  12 kobolds
  6 quokkas
  7 ball pythons
  13 bats
  13 frilled lizards
  A giant cockroach zombie (D:5)
  A leopard gecko zombie (D:5)
  2 quokka skeletons
  A quokka zombie (D:5)
  14 rats
448 creatures vanquished.

Vanquished Creatures (collateral kills)
  A hornet (D:12)
  2 spriggans (D:12)
  A gnoll (D:1)
  An orc (D:7)
5 creatures vanquished.

Vanquished Creatures (others)
  82 foxfires
  12 plants
  4 withered plants (D:5)
98 creatures vanquished.

Grand Total: 551 creatures vanquished

Notes
Turn   | Place    | Note
-------+----------+-------------------------------------------
     0 | D:1      | pokeman the Deep Elf Hedge Wizard began the quest for the
                  | Orb.
     0 | D:1      | Reached XP level 1. HP: 10/10 MP: 7/7
   217 | D:1      | Reached XP level 2. HP: 9/16 MP: 1/9
   432 | D:1      | Reached skill level 5 in Spellcasting
   620 | D:1      | Reached XP level 3. HP: 20/20 MP: 7/11
   624 | D:1      | Learned a level 3 spell: Mephitic Cloud
   627 | D:1      | Learned a level 2 spell: Call Imp
   630 | D:1      | Learned a level 2 spell: Blink
   634 | D:1      | Learned a level 3 spell: Conjure Flame
  1069 | D:1      | Reached skill level 1 in Armour
  1543 | D:2      | Reached skill level 1 in Fighting
  1669 | D:2      | Reached XP level 4. HP: 25/25 MP: 1/13
  1962 | D:1      | Reached skill level 1 in Fire Magic
  2312 | D:2      | Reached skill level 6 in Spellcasting
  2319 | D:2      | Reached XP level 5. HP: 11/29 MP: 6/15
  3198 | D:3      | Reached skill level 1 in Air Magic
  3458 | D:3      | Found a burning altar of Makhleb.
  3777 | D:3      | Noticed Sigmund
  3783 | D:3      | Killed Sigmund
  3784 | D:3      | Reached skill level 7 in Spellcasting
  3784 | D:3      | Reached skill level 1 in Poison Magic
  3784 | D:3      | Reached XP level 6. HP: 34/34 MP: 15/18
  4026 | D:4      | Found a faded altar of an unknown god.
  4026 | D:4      | Found a faded altar of an unknown god.
  4032 | D:4      | Found a hazy altar of Hepliaklqana.
  4034 | D:4      | Found a shimmering blue altar of Sif Muna.
  4040 | D:4      | Reached XP level 7. HP: 36/39 MP: 13/20
  4041 | D:4      | Found a stormy altar of Qazlal.
  4325 | D:4      | Reached skill level 8 in Spellcasting
  4380 | D:4      | Found a glowing drain.
  4388 | Sewer    | Entered a sewer
  5101 | D:4      | Found a sacrificial altar of Ru.
  5267 | D:5      | Entered Level 5 of the Dungeon
  5474 | D:5      | Reached XP level 8. HP: 38/44 MP: 18/22
  5476 | D:5      | Reached skill level 9 in Spellcasting
  6222 | D:6      | Found a sparkling altar of Nemelex Xobeh.
  6222 | D:6      | Found a radiant altar of Vehumet.
  6230 | D:6      | Became a worshipper of Vehumet
  6367 | D:6      | Reached skill level 5 in Conjurations
  6493 | D:6      | Reached skill level 10 in Spellcasting
  6867 | D:6      | Found a glowing golden altar of the Shining One.
  6908 | D:6      | Found a staircase to the Ecumenical Temple.
  7311 | D:7      | Reached XP level 9. HP: 48/48 MP: 19/25
  7324 | D:7      | Reached * piety under Vehumet
  7324 | D:7      | Offered knowledge of Shock by Vehumet.
  7333 | D:7      | Noticed Maggie
  7452 | D:7      | Reached skill level 11 in Spellcasting
  7596 | D:7      | Learned a level 1 spell: Shock
  7597 | D:7      | Noticed Joseph
  7605 | D:7      | Killed Joseph
  7606 | D:7      | Reached skill level 5 in Fire Magic
  7658 | D:7      | Noticed a seven-headed hydra
  7680 | D:7      | Killed a seven-headed hydra
  7681 | D:7      | Reached skill level 1 in Shields
  7681 | D:7      | Reached skill level 1 in Evocations
  7800 | D:7      | Found Ysirch Ytuesk's Book Boutique.
  7812 | D:7      | Found Zirimpitun's Distillery.
  7820 | D:7      | Bought a potion of heal wounds for 65 gold pieces
  7860 | D:7      | Reached skill level 12 in Spellcasting
  8069 | D:7      | Found Gayxty's Assorted Antiques.
  8073 | D:7      | Found Ela Qit's Jewellery Emporium.
  8197 | D:7      | Killed Maggie
  8198 | D:7      | Reached XP level 10. HP: 56/56 MP: 3/28
  8571 | D:7      | Bought an ichor-stained helmet for 247 gold pieces
  8740 | D:7      | Found Wopoagh's Assorted Antiques.
  9125 | D:7      | Identified the cursed -6 helmet "Esifec" {rPois rCorr Str+3
                  | Int+3 Dex+4} (You bought it in a shop on level 7 of the
                  | Dungeon)
  9155 | D:7      | Got a crystal dagger
  9156 | D:7      | Identified the +2 dagger of Rapy Dia {protect, rElec rPois}
                  | (You found it on level 7 of the Dungeon)
  9349 | D:8      | Offered knowledge of Freeze by Vehumet.
  9351 | D:8      | Reached ** piety under Vehumet
  9393 | D:8      | Noticed Psyche
  9419 | D:8      | Killed Psyche
  9550 | D:8      | Reached skill level 13 in Spellcasting
  9776 | D:8      | Learned a level 3 spell: Stone Arrow
 10030 | D:8      | Noticed Grum
 10056 | D:8      | Reached skill level 1 in Earth Magic
 10065 | D:8      | Killed Grum
 10494 | D:9      | Offered knowledge of Frozen Ramparts by Vehumet.
 10494 | D:9      | Noticed a two-headed ogre
 10531 | D:9      | Killed a two-headed ogre
 10706 | D:9      | Reached *** piety under Vehumet
 11125 | D:10     | Entered Level 10 of the Dungeon
 11128 | D:10     | Found Rianets's Antique Weapon Shop.
 11250 | D:10     | Noticed an unseen horror
 11273 | D:10     | Killed an unseen horror
 11274 | D:10     | Reached skill level 14 in Spellcasting
 11274 | D:10     | Reached XP level 11. HP: 33/60 MP: 8/31
 11416 | D:10     | Learned a level 2 spell: Swiftness
 11526 | D:10     | Learned a level 1 spell: Foxfire
 11532 | D:10     | Learned a level 5 spell: Fireball
 11652 | D:10     | Noticed a two-headed ogre
 11694 | D:10     | Killed a two-headed ogre
 11694 | D:10     | Offered knowledge of Ignite Poison by Vehumet.
 11910 | D:10     | Noticed a two-headed ogre
 11915 | D:10     | Killed a two-headed ogre
 12073 | D:10     | Noticed a thrashing horror
 12092 | D:10     | Found a transporter.
 12099 | D:10     | Identified the +5 trident "Nubi" {distort, +Rage rN+ MP-9
                  | SInv}
 12117 | D:10     | Found a one-way gate to the infinite horrors of the Abyss.
 12118 | D:10     | Noticed 0gre's ghost (journeyman GnIE)
 12149 | D:10     | Found a transporter.
 12703 | Temple   | Entered the Ecumenical Temple
 13979 | D:10     | Killed 0gre's ghost
 14385 | D:10     | Killed a thrashing horror
 14386 | D:10     | Reached skill level 15 in Spellcasting
 14587 | D:11     | Found a frozen archway.
 14587 | D:11     | Noticed a purple ugly thing
 14595 | D:11     | Killed a purple ugly thing
 14607 | D:11     | Reached **** piety under Vehumet
 14650 | IceCv    | Entered an ice cave
 14702 | IceCv    | Offered knowledge of Iskenderun's Mystic Blast by Vehumet.
 15218 | IceCv    | Reached XP level 12. HP: 54/66 MP: 13/33
 15687 | IceCv    | Noticed a frost giant
 15701 | IceCv    | Killed a frost giant
 15702 | IceCv    | Reached skill level 16 in Spellcasting
 15702 | IceCv    | Reached skill level 10 in Conjurations
 16649 | D:11     | Found a staircase to the Orcish Mines.
 16653 | D:11     | Reached ***** piety under Vehumet
 16668 | D:11     | Offered knowledge of Starburst by Vehumet.
 17058 | D:11     | Found a staircase to the Lair.
 17560 | D:12     | Noticed a two-headed ogre
 17565 | D:12     | Killed a two-headed ogre
 17704 | D:11     | Reached skill level 10 in Fire Magic
 17741 | D:12     | Reached skill level 5 in Armour
 17742 | D:12     | Reached skill level 17 in Spellcasting
 18069 | D:12     | Found a runed translucent door.
 18071 | D:12     | Identified the +7 spear "Miur" {venom, rF- Int+7}
 18073 | D:12     | Noticed Alvadar's ghost (journeyman DECj)
 18558 | D:12     | Noticed an ogre mage
 18563 | D:12     | Killed an ogre mage
 18564 | D:12     | Reached XP level 13. HP: 48/70 MP: 22/36
 18834 | D:12     | Found a portal to a secret trove of treasure.
 19199 | D:12     | Killed Alvadar's ghost
 19603 | D:13     | Found a gate to the Vaults.
 19674 | D:13     | Offered knowledge of Yara's Violent Unravelling by Vehumet.
 19935 | D:13     | Noticed Rupert
 20217 | D:13     | HP: 2/70 [hell hound/blast of flame[Azrael] (22)]
 20218 | D:13     | Slain by a hell hound

Illustrated notes

Levels and vault maps discovered:
D:1:      onia_arrival_handbag, layout_basic
D:2:      layout_basic, minmay_misc_feat_rows, chequers_avenue,
          minmay_tromino_i4
D:3:      layout_loops_ring, lemuel_doored_altar, uniq_sigmund
D:4:      layout_layer_cave, general_overflow_altar,
          chequers_temple_overflow_minitemple, gup_sewer_entry_bubbles
D:5:      layout_basic, serial_undead, serial_undead_b, serial_undead_d,
          serial_undead_f, serial_undead_c
D:6:      layout_gridville, nicolae_tso_swordbearing_angel,
          grunt_temple_overflow_open, minmay_temple_entry_tees,
          kennysheep_generic_room_10
D:7:      nzn_winding_woodlands_small [nzn_winding_woodlands_5x15_sawtooth,
          nzn_winding_woodlands_center_pierced_h,
          nzn_winding_woodlands_5x15_pool], layout_loops_ring, serial_shops,
          shop_statue, shop, shop, shop_fountains, kennysheep_mini, uniq_joseph,
          uniq_maggie
D:8:      layout_cave_pools, uniq_psyche, uniq_grum
D:9:      layout_basic
D:10:     layout_irregular_city, gammafunk_ghost_abyssal_escape, serial_shops,
          shop_fountains, minmay_alternating_orb
D:11:     layout_big_octagon, dpeg_oklobed_lair, erik_orc_1,
          portal_ice_cave_entry_imps
D:12:     lemuel_ogre_cave, layout_rooms, nicolae_trove_entry_free_sample,
          ebering_ghost_funeral_grove
D:13:     hangedman_arrow_trap, layout_grid_maze, david_vaults_4, david_greed,
          uniq_azrael, uniq_rupert
Temple:   minmay_temple_curvy_branch

Skill      XL: |  1  2  3  4  5  6  7  8  9 10 11 12 13 |
---------------+----------------------------------------+-----
Spellcasting   | 5 6 7 8 10 12 14 15 17 | 17.8
Armour         | 1 3 5 |  5.8
Fighting       | 1 2 3 4 |  4.0
Conjurations   | 2 3 4 5 7 8 9 10 11 | 11.1
Fire Magic     | 1 2 4 6 7 9 10 | 10.6
Dodging        | 3 |  3.0
Air Magic      | 1 |  1.0
Stealth        | 3 |  3.0
Poison Magic   | 1 2 |  2.0
Shields        | 1 3 4 |  4.0
Evocations     | 2 |  2.0
Earth Magic    | 1 |  1.0
Summonings     | |  1.1
Translocations | |  1.1

Action                   |  1- 3 |  4- 6 |  7- 9 | 10-12 | 13-15 || total
-------------------------+-------+-------+-------+-------+-------++-------
Melee: Dagger            |     7 |    14 |       |   272 |    16 ||   309
       Halberd           |       |    53 |   173 |    12 |       ||   238
       Spear             |       |       |       |       |     5 ||     5
 Fire: Shortbow          |       |       |       |     8 |       ||     8
 Cast: Magic Dart        |    91 |    96 |   156 |     9 |       ||   352
       Mephitic Cloud    |     1 |    14 |    39 |    44 |     3 ||   101
       Conjure Flame     |     1 |     1 |    23 |    50 |     4 ||    79
       Call Imp          |       |     1 |     5 |     8 |     4 ||    18
       Blink             |       |     1 |     3 |    14 |       ||    18
       Shock             |       |       |    47 |   227 |       ||   274
       Stone Arrow       |       |       |       |    34 |     8 ||    42
       Fireball          |       |       |       |   131 |    28 ||   159
       Foxfire           |       |       |       |    45 |     4 ||    49
       Swiftness         |       |       |       |     3 |       ||     3
Evoke: Wand              |       |       |       |       |     2 ||     2
  Use: Scroll            |       |       |       |    11 |       ||    11
 Stab: Confused          |     1 |    10 |    25 |    17 |     1 ||    54
       Sleeping          |     1 |       |       |       |     1 ||     2
       Distracted        |       |       |     1 |       |       ||     1
Armor: Robe              |     5 |       |       |       |       ||     5
       Leather armour    |     1 |    20 |    15 |    34 |       ||    70
       Steam dragon scal |       |       |       |    87 |     9 ||    96
Dodge: Dodged            |    23 |    62 |    87 |   293 |    26 ||   491
Block: Buckler           |       |       |       |   109 |     9 ||   118
